 Dungeon Crawl Stone Soup version 0.26.1-2-gb8aa6d0cf2 (webtiles) character file.

Game seed: 7612423827043292169

28 nightchill the Skirmisher (level 3, 0/30 HPs)
             Began as a Formicid Fighter on Mar 22, 2021.
             Succumbed to an adder's poison
             ... on level 2 of the Dungeon.
             The game lasted 00:01:26 (1208 turns).

nightchill the Skirmisher (Formicid Fighter)        Turns: 1208, Time: 00:01:27

Health: 0/30       AC:  6    Str: 20 (21) XL:     3   Next: 27%
Magic:  3/3        EV:  7    Int:  4 (7)  God:
Gold:   20         SH:  9    Dex:  9 (10) Spells: 2/2 levels left

rFire    . . .     SeeInvis +   a - +0 war axe
rCold    . . .     Faith    .   c - +0 kite shield
rNeg     . . .     Spirit   .   b - +0 scale mail
rPois    .         Reflect  .   (helmet unavailable)
rElec    .         Harm     .   (no cloak)
rCorr    .         Rampage  .   (no gloves)
Will     .....                  (no boots)
Stlth    ..........             (no amulet)
HPRegen  0.10/turn              (no ring)
MPRegen  0.08/turn              (no ring)

@: lethally poisoned (0 -> -9)
A: permanent stasis, dig shafts and tunnels, four strong arms, antennae 3
a: Dig, Shaft Self


You were on level 2 of the Dungeon.
You visited 1 branch of the dungeon, and saw 2 of its levels.

You collected 20 gold pieces.

Inventory:

Hand Weapons
 a - a +0 war axe (weapon)
Missiles
 n - 8 atropa-tipped darts
Armour
 b - a +0 scale mail (worn)
 c - a +0 kite shield (worn)
Jewellery
 h - an uncursed amulet of the acrobat {unknown}
Scrolls
 e - a scroll of fear {unknown}
 g - a scroll of teleportation {unknown}
 i - 2 scrolls of remove curse {unknown}
 k - 2 scrolls of amnesia {unknown}
 l - a scroll of enchant weapon {unknown}
Potions
 d - a potion of might
 j - a potion of mutation {unknown}
 m - a potion of flight {unknown}


   Skills:
 + Level 3.7 Fighting
 * Level 3.1 Axes
 - Level 3.2 Armour
 - Level 3.6 Shields


You had 2 spell levels left.
You didn't know any spells.
Your spell library was empty.

Dungeon Overview and Level Annotations

Branches:
Dungeon (2/15)

Altars:


Innate Abilities, Weirdness & Mutations

You cannot be hasted, slowed, berserked, paralysed or teleported.
You can dig through walls and to a lower floor.
Your four strong arms can wield two-handed weapons with a shield.
You have a pair of large antennae on your head. (SInv)


Message History

You completely miss the adder.
The adder is lightly wounded.
You hit the worm. The adder bites you.
* * * LOW HITPOINT WARNING * * *
You are more poisoned.
The adder poisons you! The adder bites you.
* * * LOW HITPOINT WARNING * * *
The worm barely misses you.
It was a potion of degeneration.
There was something very wrong with that liquid.
You feel weakened.
You feel dopey.
You feel clumsy.
* * * LOW HITPOINT WARNING * * *
You feel sick. The adder bites you but does no damage.
Unknown command.
You extend your mandibles.
You dig through the rock wall.
* * * LOW HITPOINT WARNING * * *
You feel sick.
You retract your mandibles.
You die...

# #. .## ... ..
≈≈≈≈..####.. ###.##
≈≈P≈..^...#. #....#
≈≈≈≈≈....(#.# #....#
≈≈≈≈.≈....#.!##@...#
≈≈≈≈≈P..#.##.#.##.#######
P≈≈≈≈≈≈.#.##wS###.......#
.≈≈≈≈≈....###b###..)....#
.≈≈≈≈P.........##.......#
.≈≈≈≈≈≈...........†.....#
..P≈≈≈≈......#..........#
.≈.≈≈≈≈......#.†....<...#
..≈≈≈≈≈P.....#..#.......#


You could see a worm, an adder and a bat.

Vanquished Creatures
  A dart slug (D:1)
  3 leopard geckos
  A bat (D:2)
  A giant cockroach (D:1)
  3 goblins
  3 hobgoblins
  A frilled lizard (D:2)
  5 kobolds
  3 rats
21 creatures vanquished.

Vanquished Creatures (others)
  2 plants (D:2)
2 creatures vanquished.

Grand Total: 23 creatures vanquished

Notes
Turn   | Place    | Note
-------+----------+-------------------------------------------
     0 | D:1      | nightchill the Formicid Fighter began the quest for the
                  | Orb.
     0 | D:1      | Reached XP level 1. HP: 18/18 MP: 1/1
   253 | D:1      | Reached XP level 2. HP: 24/24 MP: 2/2
  1093 | D:2      | Reached XP level 3. HP: 28/30 MP: 3/3
  1207 | D:2      | HP: 1/30 [poisoned by an adder]
  1208 | D:2      | Succumbed to an adder's poison

Illustrated notes

Levels and vault maps discovered:
D:1:      elethiomel_arrival_shortcut, layout_loops_corners
D:2:      layout_basic, nicolae_gozag_seed_capital, minivault_24,
          chequers_big_river, uniq_natasha

Skill      XL: |  1  2  3 |
---------------+----------+-----
Axes           | 3 |  3.1
Fighting       | |  3.7
Armour         | |  3.2
Shields        | |  3.6

Action                   || total
-------------------------++-------
Melee: War axe           ||    66
 Abil: Dig               ||     1
  Use: Potion            ||     1
Armor: Scale mail        ||    33
Dodge: Dodged            ||    29
Block: Kite shield       ||    43
